 Dungeon Crawl Stone Soup version 0.31-a0-175-g9f7f995f2b (webtiles) character file.

Game seed: 3531135567132376243

129 qw the Shooter (level 5, -1/32 HPs)
             Began as a Gargoyle Hunter on June 16, 2023.
             Slain by an adder (2 damage)
             ... on level 2 of the Dungeon.
             The game lasted 00:00:38 (1657 turns).

qw the Shooter (Gargoyle Hunter)                    Turns: 1657, Time: 00:00:38

Health: -1/32      AC:  9    Str: 14    XL:     5   Next: 12%
Magic:  5/5        EV: 11    Int: 10    God:
Gold:   83         SH:  0    Dex: 15    Spells: 4/4 levels left

rFire   . . .        Y - +0 shortbow
rCold   . . .        (shield currently unavailable)
rNeg    + . .        a - +0 ring mail
rPois   inf          (no helmet)
rElec   +            (no cloak)
rCorr   .            (no gloves)
SInv    .            (no boots)
Will    .....        (no amulet)
Stlth   +            (no ring)
HPRegen 0.25/turn    (no ring)
MPRegen 0.09/turn

%: no passive effects
@: no status effects
A: sickness immunity, AC +4, negative energy resistance 1, electricity
resistance, torment resistance 1, petrification resistance
a: no special abilities


You were on level 2 of the Dungeon.
You visited 1 branch of the dungeon, and saw 3 of its levels.

You collected 83 gold pieces.


Innate Abilities, Weirdness & Mutations

You are immune to sickness and miasma.
Your stone body is resilient. (AC +4)
You are immune to poison.
You resist negative energy. (rN+)
You are resistant to electric shocks. (rElec)
You are resistant to unholy torment.
You are immune to petrification.


   Skills:
 - Level 3.2 Fighting
 + Level 5.5 Ranged Weapons
 - Level 1.8 Armour
 - Level 1.5 Dodging
 - Level 1.1 Stealth


You had 4 spell levels left.
You didn't know any spells.
Your spell library was empty.

Inventory:

Hand Weapons
 Y - a +0 shortbow (weapon)
Armour
 a - a +0 ring mail (worn)
Potions
 b - a potion of brilliance {unknown}
 d - a potion of curing
 e - a potion of berserk rage {unknown}

Dungeon Overview and Level Annotations

Branches:
Dungeon (3/15)

Altars:
Wu Jian


Message History

The adder bites you but does no damage. x2
You shoot an arrow. The arrow hits the adder!
The adder is severely wounded.
The orc barely misses you. The orc misses you. The adder closely misses you. x2
The orc barely misses you. x2; The adder bites you but does no damage.
You shoot an arrow. The arrow hits the adder.
You kill the adder!
The adder barely misses you. The orc closely misses you.
The orc barely misses you.
You shoot an arrow. The arrow barely misses the adder.
The adder bites you but does no damage. The orc closely misses you.
The orc hits you with a +0 whip. The adder bites you but does no damage.
You shoot an arrow. The arrow barely misses the adder.
The orc hits you with a +0 whip. The orc hits you but does no damage.
The adder completely misses you.
You shoot an arrow. The arrow closely misses the adder.
The adder bites you but does no damage. The orc closely misses you.
The orc hits you with a +0 whip. The adder closely misses you.
The orc barely misses you. The orc hits you with a +0 whip.
You shoot an arrow. The arrow barely misses the adder.
The adder bites you but does no damage. The orc closely misses you.
The orc hits you but does no damage. The adder closely misses you.
You shoot an arrow. The arrow closely misses the adder.
The adder closely misses you. The orc barely misses you.
The orc hits you with a +0 whip.
You shoot an arrow. The arrow hits the adder!
The adder is severely wounded.
The adder bites you but does no damage. The orc hits you but does no damage.
The orc barely misses you. The adder bites you but does no damage.
You shoot an arrow. The arrow barely misses the adder.
The orc barely misses you. The orc hits you but does no damage.
The adder misses you. The orc hits you but does no damage.
The orc hits you with a +0 whip.
You shoot an arrow. The arrow misses the adder.
The adder barely misses you. x2; The orc completely misses you.
The orc hits you but does no damage.
You shoot an arrow. The arrow misses the adder.
The adder bites you but does no damage. The orc hits you with a +0 whip.
The orc completely misses you. The adder bites you.
You die...

.#########[###.#######.#
.# ##.#.## ####.#### .#
##.## #.......# .# ###
#.##.##.# )#
####.##.##.# .#
#.......##.# .#
#.##^##.##.####### .#
######
##S##.##.......>..#
.###....###
#o@o........#####.#
..........##
#)[#####...........
##.##......# #..#
#.########..
#.##.._...## #..# #.#
#.. ##.##.......###..#
#.# #..
..........#......#
#.#### #..
...###...........#
#....# #..
##.###..#####.#..#
####.# #.# ...).....#
#.#..# #.# #.#


You could see an adder and 2 orcs.

Vanquished Creatures
  An orc priest (D:2)
  5 adders (D:2)
  2 dart slugs (D:2)
  An orc (D:2)
  A ball python (D:1)
  3 endoplasms
  A giant cockroach (D:2)
  4 goblins
  5 hobgoblins
  4 jackals (D:2)
  7 kobolds
  4 quokkas
  6 bats
  7 rats
51 creatures vanquished.

Notes
Turn   | Place    | Note
-------+----------+-------------------------------------------
     0 | D:1      | qw the Gargoyle Hunter began the quest for the Orb.
     0 | D:1      | Reached XP level 1. HP: 12/12 MP: 1/1
     0 | D:1      | 0 ||| qw: Version: 0.2-a-29-g511e9b1
     0 | D:1      | 0 ||| qw: Game counter: 5679
     0 | D:1      | 0 ||| qw: Always use a shield: true
     0 | D:1      | 0 ||| qw: God list: Okawaru
     0 | D:1      | 0 ||| qw: Allow faded altars: false
     0 | D:1      | 0 ||| qw: Do Orc after D:15 true
     0 | D:1      | 0 ||| qw: Do second Lair branch before Depths: true
     0 | D:1      | 0 ||| qw: Lair rune preference: random
     0 | D:1      | 0 ||| qw: Plans: Normal, Zot:1-4, Slime:5, God:TSO, Crypt,
                  | Tomb, Abyss, Pan, Hells, Win
     0 | D:1      | 0 ||| PLANNING D:1-11
   188 | D:1      | Reached XP level 2. HP: 17/17 MP: 2/2
   685 | D:1      | Reached XP level 3. HP: 21/21 MP: 3/3
   748 | D:1      | 748 ||| READING scroll labelled IRIURR VYPNE.
   749 | D:1      | 749 ||| DRINKING 2 yellow potions.
   750 | D:1      | 750 ||| DROPPING scroll of butterflies.
   771 | D:2      | Reached skill level 5 in Ranged Weapons
   833 | D:2      | Found an ornate altar of the Wu Jian Council.
   954 | D:2      | Reached skill level 3 in Fighting
   954 | D:2      | Reached XP level 4. HP: 25/28 MP: 4/4
  1418 | D:2      | 1418 ||| UPGRADING to +0 ring mail.
  1428 | D:2      | 1428 ||| DROPPING +0 leather armour.
  1456 | D:3      | 1456 ||| STAIRDANCE
  1524 | D:3      | 1524 ||| STAIRDANCE
  1530 | D:2      | Reached skill level 1 in Armour
  1530 | D:2      | Reached XP level 5. HP: 9/32 MP: 5/5
  1532 | D:2      | HP: 8/32 [quokka (2)]
  1636 | D:3      | 1636 ||| STAIRDANCE
  1651 | D:2      | HP: 6/32 [orc/+0 whip (3)]
  1657 | D:2      | HP: 1/32 [orc/+0 whip (3)]
  1657 | D:2      | Slain by an adder

Levels and vault maps discovered:
D:1:      psy_arrival_conway, layout_loops_cross, minmay_misc_feat_ornament
D:2:      layout_loops_ring, basic_altar
D:3:      layout_basic, st_stairs_6, serial_bayou_lagoon_b

Skill      XL: |  1  2  3  4 |
---------------+-------------+-----
Ranged Weapons | 5 |  5.5
Fighting       | 3 |  3.2
Armour         | 1 |  1.8
Dodging        | |  1.5
Stealth        | |  1.1

Action                     |  1- 3 |  4- 6 || total
---------------------------+-------+-------++-------
   Fire: Shortbow          |   100 |    75 ||   175
    Use: Scroll            |     1 |       ||     1
         Potion            |     1 |       ||     1
 Armour: Leather armour    |    16 |     4 ||    20
         Ring mail         |       |    61 ||    61
  Dodge: Dodged            |    38 |    78 ||   116

Table legend:
 A = Non-vault XP
 B = Vault XP
 C = Vault XP percentage of total XP
 D = Non-vault monster count
 E = Vault monster count
 F = Vault count percentage of total count
                 A         B        C        D         E       F
            +---------+---------+-------+---------+---------+-------
      Total |     185 |       0 |   0.0 |      51 |       0 |   0.0
            +---------+---------+-------+---------+---------+-------
        D:1 |      34 |       0 |   0.0 |      21 |       0 |   0.0
        D:2 |     151 |       0 |   0.0 |      30 |       0 |   0.0
            +---------+---------+-------+---------+---------+-------
